[Event "*** Titled Tuesday Blitz"]
[Site "Chess.com"]
[Date "2018.08.07"]
[Round "2"]
[White "Titus369"]
[Black "CarlssonLudvig"]
[Result "0-1"]
[WhiteElo "2195"]
[BlackElo "2213"]
[TimeControl "180+2"]
[EndTime "13:22:01 PDT"]
[Termination "CarlssonLudvig won by resignation"]

1. e4 e5 2. Nf3 Nc6 3. Bb5 a6 4.
Ba4 Nf6 5. O-O d6 6. c3 Nxe4 7. d4 Bd7 8. Bxc6 Bxc6 9. Re1 Nf6 10. dxe5 dxe5 11. Rxe5+ Be7 12. Qe1 Qd7 13. Nd4 Kf8 14. Nxc6 bxc6 15. Bg5 h6 16. Bh4 Re8 17. Nd2 g6 18. Nb3 Kg7 19. Rd1 Bd6 20. Rxe8 Rxe8 21. Qd2 Qg4 22. Bg3 Bxg3 23. hxg3 Re2 24. Qd3 Rxb2 25.
Re1 Rxa2 26. Nc5 Qf5 27. Qd4 Ra5 28. Nb3 Rd5 29. Qc4 Re5 30. Rf1 Qe6 31. Qa4 Re1 32. Nd4 Rxf1+ 33. Kxf1 Qe4 34. Qxa6 Qb1+ 35. Ke2 Qb2+ 36.
Kd3 Qxf2 37. Qxc6 Qxg3+ 38. Qf3 Qxf3+ 39. Nxf3 Nd7 40. Kd4 Kf6 41. Kd5 Nb8 42. c4 Ke7 43. Ne5 h5 44. c5 g5 45. Nf3 f6 46. Nd4 h4 47. Nf5+ Kd7 48. Ne3 c6+ 49. Ke4 Na6 50. Kd4 Ke6 51. Nc4 g4 52. Ne3 f5 53.
Kc4 h3 54. gxh3 gxh3 55. Nf1 Ke5 56. Nh2 Kf4 57. Kd3 Kg3 58. Kd4 Kxh2 59. Ke5 0-1

[Event "*** Titled Tuesday Blitz"]
[Site "Chess.com"]
[Date "2018.08.07"]
[Round "2"]
[White "Last7Samurai"]
[Black "MFBerna"]
[Result "1/2-1/2"]
[WhiteElo "2601"]
[BlackElo "2287"]
[TimeControl "180+2"]
[EndTime "13:22:14 PDT"]
[Termination "Game drawn by repetition"]

1. e4 c6 2. Nf3 d5 3. exd5 cxd5 4. Ne5 Bd7 5. d4 Nc6 6. Nxd7 Qxd7 7. c3 Nf6 8. Nd2 e5 9. dxe5 Nxe5 10. Be2 Bc5 11. O-O O-O 12. Nf3 Rfe8 13. Nxe5 Rxe5 14. Bf4 Re6 15. Bd3 Ne4 16. Qf3 Rae8 17. Rad1 Qc6 18. h3 Rf6 19. c4 dxc4 20. Bxe4 Rxe4 21. Rd8+ Bf8 22. Qa3 Re8 23. Rxe8 Qxe8 24. Qg3 Qe4 25. Bb8 Rg6 26. Qh2 Bc5 27. Rd1 h5 28. Be5 Qe2 29. Rf1 b5 30. a3 a5 31. Qf4 b4 32. axb4 axb4 33. Bd4 Bxd4 34. Qxd4 Qf3 35. g3 c3 36.
bxc3 bxc3 37. Rc1 Rc6 38. Rc2 f6 39. h4 Kh7 40. Kh2 Qf5 41. Rxc3 Rxc3 42. Qxc3 Qxf2+ 43. Kh3 Qf1+ 44. Kh2 Qe2+ 45. Kh3 Qf1+ 46. Kh2 Qf5 47. Kg2 Kh6 48. Qe3+ g5 49. Qe8 gxh4 50. Qh8+ Kg6 51. Qg8+ Kh6 52. Qh8+ Kg6 53. Qg8+ Kh6 54. Qh8+ Kg6 1/2-1/2

[Event "*** Titled Tuesday Blitz"]
[Site "Chess.com"]
[Date "2018.08.07"]
[Round "2"]
[White "Hrant_ChessMood"]
[Black "pultineviciuspaulius"]
[Result "1-0"]
[WhiteElo "3001"]
[BlackElo "2569"]
[TimeControl "180+2"]
[EndTime "13:22:22 PDT"]
[Termination "Hrant_ChessMood won by resignation"]

1. d4 f6 2. e4 g6 3. Nc3 Bg7 4. Nf3 e6 5. Be3 d5 6. e5 fxe5 7. Nxe5 Nd7 8. Nf3 Nh6 9. Bg5 Nf6 10.
Bd3 O-O 11. O-O Nf7 12. Bh4 c5 13. dxc5 Qa5 14. Nb5 a6 15. Nd6 Qxc5 16. Nxf7 Rxf7 17. Ne5 Rf8 18. Qe2 Nh5 19. Bg3 Nxg3 20. hxg3 Qd4 21. Rae1 Qxb2 22. a4 Qd4 23. a5 Qxe5 24. Qxe5 Bxe5 25.
Rxe5 Kg7 26. Rb1 Kf6 27. f4 Rd8 28. Rb6 Ke7 29. Kf2 Rd6 30. Rb1 Rc6 31. Rh1 Rc5 32. Rxh7+ Kd6 33. Bxg6 Rxa5 34. g4 Rc5 35. g5 a5 36. Bd3 a4 37. g6 a3 38. g7 Bd7 39.
Rh8 Rcc8 40. Rxc8 Rxc8 41. Bh7 Ba4 42. g8=Q Rxg8 43. Bxg8 Bxc2 44. Rxe6+ Kc5 45. Re1 a2 46. Ra1 Bb1 47. f5 Kb4 48. Bxd5 Ka3 49. f6 Kb2 50.
Rxa2+ Bxa2 51. Bxa2 1-0

[Event "*** Titled Tuesday Blitz"]
[Site "Chess.com"]
[Date "2018.08.07"]
[Round "2"]
[White "Mikhail_Golubev"]
[Black "FearlessKing64"]
[Result "1-0"]
[WhiteElo "2422"]
[BlackElo "2256"]
[TimeControl "180+2"]
[EndTime "13:22:24 PDT"]
[Termination "Mikhail_Golubev won by resignation"]

1. e4 c5 2. Nf3 d6 3. d4 cxd4 4. Nxd4 Nf6 5. Nc3 a6 6. Bc4 e6 7. Bb3 b5 8. O-O b4 9. Na4 Bd7 10. Re1 Nc6 11. c3 Rb8 12. Nxc6 Bxc6 13. cxb4 Nxe4 14. Nc3 Nf6 15. Qe2 d5 16. Bg5 Be7 17. Qxa6 Qd7 18. a3 O-O 19. Qd3 h6 20. Bh4 d4 21. Bxf6 Bxf6 22. Ne4 Be7 23. Rac1 Rfd8 24. Nc5 Bxc5 25. Rxc5 Qb7 26. f3 Bb5 27. Bc4 Bd7 28.
Rc1 Be8 29. h3 Rbc8 30. Ba6 Rxc5 31. Rxc5 Qb6 32. Bc4 Bd7 33. Qxd4 Be8 34. Qe3 Qd6 35. Be2 Qe7 36. Rc1 Qf6 37. Qc3 Qg5 38. Rd1 Rxd1+ 39. Bxd1 Qg3 40. Qe3 Bb5 41. Qf2 Qe5 42. Qd2 g6 43.
Kf2 Kg7 44. Be2 Bc6 45. Qc3 Kf6 46. b5 Bb7 47. a4 Kf5 48. g4+ Kf6 49. a5 g5 50. a6 Bd5 51. b6 Qxc3 52. bxc3 Ke5 53. b7 Kd6 1-0

[Event "*** Titled Tuesday Blitz"]
[Site "Chess.com"]
[Date "2018.08.07"]
[Round "2"]
[White "NormWeinstein"]
[Black "MateusViageiro"]
[Result "0-1"]
[WhiteElo "2392"]
[BlackElo "2324"]
[TimeControl "180+2"]
[EndTime "13:22:26 PDT"]
[Termination "MateusViageiro won on time"]

1. e4 e5 2. Nf3 Nc6 3. Bb5 a6 4.
Ba4 Nf6 5. O-O b5 6. Bb3 Be7 7.
d4 d6 8. c3 O-O 9. h3 Bb7 10. Re1 exd4 11. cxd4 Nd7 12. Nc3 Bf6 13. Be3 Na5 14. Bc2 Nc4 15. Bc1 Re8 16. b3 Ncb6 17. Qd3 g6 18. Bb2 c5 19. d5 c4 20.
Qd1 b4 21. Na4 c3 22. Bc1 Nxa4 23. bxa4 a5 24. Bf4 Nc5 25. Nd4 Qd7 26. Nb5 Be5 27.
Bxe5 dxe5 28. Qf3 Ba6 29. Rad1 Bxb5 30. axb5 Qxb5 31. d6 a4 32. Rd5 Qc6 33. Qg3 b3 34. axb3 axb3 35. Rxc5 Qxc5 36. Bxb3 Qxd6 37. Qxc3 Ra3 38.
Qc4 Re7 39. Re3 Kg7 40. Rf3 Raa7 41. Kh2 Qb8 42. Qe2 Ra3 43. Bd5 Rxf3 44. Qxf3 Qd6 45. Qg3 f5 46. Qg5 fxe4 47. Bxe4 Qf6 48. Qe3 h5 49. g3 h4 50. Kg2 hxg3 51. fxg3 Rf7 52. Bf3 Qe6 53. h4 Rc7 54. Be4 Qa2+ 55. Kh3 Ra7 56.
Qc5 Qe6+ 57. g4 Qb3+ 58. Kh2 Qb2+ 59. Bg2 Qd4 60. Qc6 Qf4+ 61. Kg1 Ra1+ 0-1

[Event "*** Titled Tuesday Blitz"]
[Site "Chess.com"]
[Date "2018.08.07"]
[Round "2"]
[White "Rickstereo"]
[Black "dereito"]
[Result "1-0"]
[WhiteElo "2128"]
[BlackElo "2161"]
[TimeControl "180+2"]
[EndTime "13:22:26 PDT"]
[Termination "Rickstereo won by checkmate"]

1. c4 f5 2. g3 Nf6 3. Bg2 d6 4. d3 e5 5. Nc3 g6 6. e4 Bg7 7.
Nge2 O-O 8. O-O Nc6 9. Bg5 h6 10.
Bxf6 Qxf6 11. Nd5 Qf7 12. f4 exf4 13. Nexf4 Bxb2 14. exf5 Bxf5 15. Rb1 Bd4+ 16. Kh1 Rab8 17. Ne3 Bxe3 18. Bd5 g5 19. Bxf7+ Rxf7 20. Nd5 Bd4 21. g4 Bg6 22. Rxf7 Bxf7 23. Nxc7 Ne5 24. h3 Bg6 25. Rb3 a6 26. Nd5 Re8 27. Nf6+ Kf7 28. Nxe8 Kxe8 29. Qf1 b6 30. Qf6 Bc5 31. Rxb6 Bxb6 32. Qxd6 Bd8 33. Qxe5+ Be7 34. Qh8+ Kf7 35. Qd4 Bf6 36. Qd7+ Kf8 37. c5 Be8 38. Qd6+ Kg7 39. c6 Kf7 40. c7 Be7 41. Qxe7+ Kxe7 42. c8=Q Bb5 43. d4 Kd6 44. Qd8+ Ke6 45. d5+ Ke5 46. d6 Bc6+ 47. Kg1 a5 48. Qe7+ Kd5 49. d7 Bxd7 50. Qxd7+ Ke5 51. Qb5+ Kf4 52. Qxa5 Kg3 53. Qc3+ Kh4 54. Kg2 h5 55. Qg3# 1-0

[Event "*** Titled Tuesday Blitz"]
[Site "Chess.com"]
[Date "2018.08.07"]
[Round "2"]
[White "Aleksey_Sorokin"]
[Black "ahmadzada13"]
[Result "1/2-1/2"]
[WhiteElo "2728"]
[BlackElo "2632"]
[TimeControl "180+2"]
[EndTime "13:22:27 PDT"]
[Termination "Game drawn - insufficient material"]

1. d4 e6 2. c4 Nf6 3. Nf3 b6 4.
a3 Bb7 5. Nc3 Ne4 6. Nxe4 Bxe4 7. Bf4 Be7 8. e3 O-O 9. Bd3 Bxd3 10. Qxd3 d6 11. O-O Nd7 12. b4 a5 13. e4 Bf6 14.
h3 e5 15. dxe5 Nxe5 16. Bxe5 Bxe5 17. Rad1 axb4 18. axb4 Qe7 19. Qd5 Ra2 20. c5 Rb2 21. cxb6 cxb6 22. Qc4 g6 23. Rb1 Rxb1 24. Rxb1 Qd7 25.
Rc1 Qe7 26. Qb5 Rb8 27. Rc6 Bf4 28. Qd5 b5 29. g3 Be5 30. Kg2 Kg7 31. Ra6 Rb7 32. Ra5 Bc3 33. Qd3 Bf6 34. Rxb5 Rxb5 35. Qxb5 Qxe4 36. Qb8 d5 37. b5 d4 38. b6 d3 39. Qf4 Qb7 40. Qd6 d2 41. g4 d1=Q 42. Qxd1 Qxb6 43. Qd5 Qe6 44. Qxe6 fxe6 45. Nd2 Bc3 46.
Ne4 Bd4 47. Kf3 e5 48. Ke2 h6 49. Kd3 Kf7 50. Kc4 h5 51. Kd5 hxg4 52. hxg4 Ba1 53.
f3 Ke7 54. Nc5 Bd4 55. Nd3 Ba1 56. Nxe5 Kf6 57. Nd3 Kg5 58. Ke4 Bc3 59. Nf4 Bd2 60. Ne2 Bb4 61. Nd4 Ba3 62. Ne6+ Kf6 63. Nf4 Kg5 64.
Nd5 Bb2 65. Ke3 Bc1+ 66. Kf2 Bb2 67. Kg3 Kh6 68. f4 Kg7 69. Kf3 Bd4 70. Ke4 Bc5 71. Kd3 Bd6 72. Kc4 Kh6 73. Kd3 Bxf4 74. Nxf4 Kg5 75.
Nxg6 Kxg4 1/2-1/2

[Event "*** Titled Tuesday Blitz"]
[Site "Chess.com"]
[Date "2018.08.07"]
[Round "2"]
[White "ElHelvetico"]
[Black "Cryptochess"]
[Result "0-1"]
[WhiteElo "2676"]
[BlackElo "2502"]
[TimeControl "180+2"]
[EndTime "13:22:28 PDT"]
[Termination "Cryptochess won by resignation"]

1. e4 d6 2. d4 Nf6 3. Nc3 g6 4. Be3 c6 5. Qd2 b5 6. f3 Nbd7 7. g4 Nb6 8. h4 h5 9. g5 Nfd7 10. d5 Ne5 11. dxc6 Nbc4 12. Bxc4 Nxc4 13. Qd4 Rg8 14. Nxb5 Qa5+ 15. Nc3 Ba6 16. Bd2 Bg7 17.
Qd5 Qb4 18. Nge2 Qxb2 19. Rb1 Qxc2 20. Rc1 Qxd2+ 21. Qxd2 Nxd2 22. Kxd2 e6 23. Ke3 Rc8 24. Nd4 Bxd4+ 25. Kxd4 Rxc6 26. Na4 Rxc1 27. Rxc1 Kd7 28. e5 Rb8 29. exd6 Rb4+ 30. Ke5 Rxa4 31. Rc7+ Ke8 32. Re7+ Kf8 33. Rxa7 Ra5+ 34. Kf4 Rf5+ 35. Ke3 Bb5 36.
Rb7 Bc6 37. Rb8+ Kg7 38. f4 Ra5 39. Rb6 Be8 40. Rb8 Ba4 41. Rb7 Rd5 42. Rb4 Bd7 43.
Rd4 Ra5 44. Rd2 Ra3+ 45. Ke4 Bc6+ 46. Kd4 Ra5 47. Kc4 Bd5+ 48. Kb4 Ra6 49. Kc5 Rc6+ 50. Kb4 Rxd6 51. a4 Rb6+ 52. Kc5 Rc6+ 53. Kb5 Rc4 54. a5 Rxf4 55. a6 Bc4+ 56. Kb6 Bxa6 0-1

[Event "*** Titled Tuesday Blitz"]
[Site "Chess.com"]
[Date "2018.08.07"]
[Round "2"]
[White "b_6"]
[Black "guillembaches"]
[Result "1-0"]
[WhiteElo "2392"]
[BlackElo "2219"]
[TimeControl "180+2"]
[EndTime "13:22:30 PDT"]
[Termination "b_6 won on time"]

1. d4 Nf6 2. Bf4 e6 3. e3 d5 4.
Nd2 c5 5. c3 Nc6 6. Ngf3 Nh5 7.
Bg5 Qb6 8. dxc5 Bxc5 9. b4 Be7 10. b5 Na5 11. Bxe7 Kxe7 12. Bd3 Nf6 13. Qa4 Rd8 14. Qa3+ Rd6 15. O-O Bd7 16. Ne5 Rc8 17. c4 d4 18.
exd4 Qxd4 19. Ndf3 Qb6 20. Rac1 Rc5 21. Rfe1 Qc7 22.
Ng5 Be8 23. Re3 h6 24. Ngf3 b6 25. Rce1 Kf8 26. Qb4 Qe7 27. h3 Qd8 28. Qc3 Kg8 29. Bb1 Nb7 30. Qc2 Rc7 31. Ng4 Kf8 32. Nxf6 Qxf6 33.
Nd2 Nc5 34. Rf3 Qd4 35. Nb3 Nxb3 36. axb3 Qd2 37. Qe4 Ke7 38. Rfe3 Qd4 39. Qf3 Kd8 40. Rd3 Qc5 41. Rxd6+ Qxd6 42. Rd1 Rd7 43. Rxd6 Rxd6 44. Bc2 Ke7 45. Qb7+ Rd7 46. Qe4 f5 47. Qh4+ Kf8 48. Qf4 Ke7 49. Qe3 Kf6 50. b4 g6 51. c5 e5 52. cxb6 axb6 53. Qxb6+ 1-0

[Event "*** Titled Tuesday Blitz"]
[Site "Chess.com"]
[Date "2018.08.07"]
[Round "2"]
[White "GMHess"]
[Black "MITerryble"]
[Result "0-1"]
[WhiteElo "2624"]
[BlackElo "2762"]
[TimeControl "180+2"]
[EndTime "13:22:31 PDT"]
[Termination "MITerryble won by resignation"]

1. d4 e6 2. e4 d5 3. Nc3 Nf6 4. Bg5 Bb4 5. exd5 Qxd5 6. Bxf6 Bxc3+ 7. bxc3 gxf6 8. Nf3 Qa5 9. Qd2 Bd7 10. Be2 Bc6 11. O-O Nd7 12. c4 Qxd2 13. Nxd2 O-O-O 14. Bh5 Rhg8 15. g3 Rg7 16. Rfe1 f5 17. c3 Nf6 18. Bf3 Bxf3 19. Nxf3 Ne4 20. Re3 Rd6 21. Ne5 Ra6 22. f3 Nf6 23. a4 f4 24. Re2 fxg3 25. hxg3 Nh5 26. Rg2 f6 27. Nd3 Rxg3 28. Kf2 Rxg2+ 29. Kxg2 Ra5 30.
Kf2 Rf5 31. Rh1 b6 32. Ke3 Kd8 33. Nb4 a5 34. Nd3 Ke7 35. Nf2 Kf7 36. Ne4 Kg7 37.
Rg1+ Kf7 38. Rh1 Kg8 39. c5 Nf4 40. Rg1+ Kf8 41. cxb6 Nd5+ 42. Ke2 Nxb6 43. Nc5 e5 44. Rh1 h5 45. Ke3 exd4+ 46. cxd4 Kf7 47. Ke4 Rd5 48. Rc1 h4 49. Nb7 Rh5 50. Rxc7+ Kg6 51. Rc1 h3 52. Rg1+ Kf7 53. Rh1 Nxa4 54. d5 Nc3+ 55. Kd4 Ne2+ 56.
Ke3 Ng3 57. d6 Nxh1 58. d7 Rh8 59. d8=Q Rxd8 60. Nxd8+ Ke8 61. Nb7 h2 0-1

[Event "*** Titled Tuesday Blitz"]
[Site "Chess.com"]
[Date "2018.08.07"]
[Round "2"]
[White "morphy1984"]
[Black "Martins-BR"]
[Result "1-0"]
[WhiteElo "2516"]
[BlackElo "2329"]
[TimeControl "180+2"]
[EndTime "13:22:33 PDT"]
[Termination "morphy1984 won by resignation"]

1. e4 c5 2. Nf3 e6 3. d4 cxd4 4. Nxd4 Nc6 5. Nc3 Qc7 6. Be3 a6 7. Be2 b5 8. Nxc6 Qxc6 9. Bf3 Bb7 10.
O-O d6 11. e5 d5 12. Ne2 Rc8 13. Nd4 Qc7 14. Bf4 Bc5 15. c3 Ne7 16. Bg3 O-O 17. Re1 b4 18. Qd3 Qb6 19. Nb3 bxc3 20. bxc3 Nf5 21.
Nxc5 Qxc5 22. Rec1 Nxg3 23. hxg3 Bc6 24. Qxa6 Bb5 25. Qa5 Qc6 26. Qb4 Bc4 27. a4 Ra8 28. a5 Ra6 29. Ra3 Qc7 30. Rb1 Qxe5 31. Qc5 Rfa8 32. Rb6 h6 33. Rxa6 Rxa6 34. Qd4 Qe1+ 35. Kh2 Qc1 36. Qc5 Qb2 37. Qb4 Qxf2 38. Ra4 Kh7 39.
Qb1+ g6 40. Qb7 Qa7 41. Qb4 Kg7 42. Ra3 Qc7 43. Ra1 h5 44. Kh3 Bd3 45. Qd4+ e5 46.
Qxd3 e4 47. Qxa6 exf3 48. gxf3 Qd7+ 49. Kg2 Qf5 50. Qe2 Kh7 51. a6 h4 52. gxh4 Qf4 53. a7 Kg7 54. a8=Q 1-0

[Event "*** Titled Tuesday Blitz"]
[Site "Chess.com"]
[Date "2018.08.07"]
[Round "2"]
[White "Arystanner23"]
[Black "Zaven_ChessMood"]
[Result "0-1"]
[WhiteElo "2568"]
[BlackElo "2897"]
[TimeControl "180+2"]
[EndTime "13:22:41 PDT"]
[Termination "Zaven_ChessMood won by resignation"]

1. e4 c5 2. Nf3 d6 3. d4 cxd4 4. Qxd4 Nf6 5. Bb5+ Bd7 6. c4 Nc6 7. Qd3 g6 8. h3 Bg7 9. Nc3 O-O 10. O-O a6 11.
Bxc6 Bxc6 12. Nd4 Nd7 13. Be3 Rc8 14. Rac1 Nc5 15. Qc2 Ne6 16. Nxe6 fxe6 17. Qb3 Qd7 18. f3 b5 19. cxb5 axb5 20. a3 Rb8 21. Ne2 Rfc8 22.
Nd4 Kf7 23. Nxc6 Rxc6 24. Rxc6 Qxc6 25. Rc1 Qd7 26. Kh1 Bf6 27. f4 d5 28. e5 Bg7 29. Bd4 h5 30. Rc5 Bh6 31. Qc3 b4 32.
axb4 Qa4 33. g3 Rxb4 34. Bf2 Rb3 35. Qc2 Qa1+ 36. Qc1 Qxc1+ 37. Rxc1 h4 38. Kg2 hxg3 39. Bxg3 Rxb2+ 40. Kf3 Rb3+ 41. Kg4 Rb4 42. h4 Bg7 43. Rc7 Bxe5 44. Rd7 Bd6 45. Kf3 Rb3+ 46. Kg4 d4 47. Bf2 d3 48. Be3 Rb1 49. Kf3 Rf1+ 50. Ke4 Rh1 51.
Kxd3 Rxh4 52. Rb7 Bxf4 53. Bc5 Bg5 54. Ke2 Bf6 55. Kf3 Rc4 56. Bb4 e5 57. Ke2 Ke6 58. Bd2 g5 59. Rb8 Kf5 60. Rg8 e4 61. Be3 Rc2+ 62. Kd1 Ra2 63. Bd2 Ra3 64. Ke2 Rh3 65. Rc8 Rh2+ 66. Kd1 g4 67. Rc5+ e5 68. Rc3 Bg5 69.
Be1 Bf4 70. Rc8 e3 71. Rf8+ Ke4 72. Ra8 Rb2 0-1

[Event "*** Titled Tuesday Blitz"]
[Site "Chess.com"]
[Date "2018.08.07"]
[Round "2"]
[White "vovachesss"]
[Black "ftorodent"]
[Result "0-1"]
[WhiteElo "2432"]
[BlackElo "2506"]
[TimeControl "180+2"]
[EndTime "13:22:46 PDT"]
[Termination "ftorodent won by resignation"]

1. e4 e6 2. d4 d5 3. Nc3 Bb4 4.
exd5 exd5 5. Bd3 Ne7 6. Ne2 Bf5 7. f3 O-O 8. a3 Ba5 9. Bf4 Nbc6 10. Qd2 Qd7 11.
g4 Bxd3 12. Qxd3 Rae8 13. O-O-O a6 14. h4 b5 15. h5 b4 16. Nb1 bxa3 17. Qxa3 Nc8 18.
Ng3 Nb6 19. Nf5 Nc4 20. Qa4 Nxd4 21. Qxc4 Ne2+ 22. Qxe2 Rxe2 23. Rd3 Qa4 24. Nd4 Rf2 25. Be3 Rg2 26. Ra3 Qb4 27. Rd1 c5 28. Nc6 Qc4 29. c3 d4 30. Nxa5 Qe2 31. Bd2 Qxf3 32. cxd4 Qxg4 33. dxc5 Rc8 34. Rc3 Qxh5 35. Nb3 a5 36.
c6 a4 37. Nd4 Qd5 38. Nc2 Rxc6 39. Bf4 Rxc2+ 40. Kxc2 Qe4+ 41. Rd3 h6 42. Nd2 Rxc3+ 43.
bxc3 Qxf4 44. Rd4 Qf5+ 45. Kb2 Qb5+ 46. Rb4 Qe2 47. Kc1 a3 48. Ra4 h5 49. Rxa3 h4 50. Ra8+ Kh7 51. Ra4 g5 52. Ne4 Qe3+ 53. Kc2 h3 54.
Nf6+ Kg6 55. Ng4 Qe2+ 56. Kb3 h2 57. Ra6+ Kg7 58. Nxh2 Qxa6 0-1

[Event "*** Titled Tuesday Blitz"]
[Site "Chess.com"]
[Date "2018.08.07"]
[Round "2"]
[White "djamir"]
[Black "INDIAN-ELEPHANT"]
[Result "1/2-1/2"]
[WhiteElo "2648"]
[BlackElo "2716"]
[TimeControl "180+2"]
[EndTime "13:22:47 PDT"]
[Termination "Game drawn by repetition"]

1. d4 Nf6 2. Nf3 e6 3. Bf4 b6 4.
e3 Bb7 5. Bd3 d6 6. O-O g6 7.
Qe2 d5 8. c4 Bg7 9. Nc3 O-O 10.
Rac1 dxc4 11. Bxc4 a6 12. Rfd1 b5 13. Bb3 c6 14. e4 Nbd7 15. Bd6 Re8 16. e5 Nd5 17. Nxd5 exd5 18. Qd2 Nb6 19. h4 Nc4 20. Bxc4 bxc4 21. b3 Bc8 22. bxc4 Bg4 23. Qf4 h5 24. cxd5 cxd5 25.
Rc7 f6 26. exf6 Qxf6 27. Rxg7+ Qxg7 28. Be5 Qf8 29. Qg5 Qf5 30. Qh6 Rxe5 31. dxe5 Bxf3 32. gxf3 Rd8 33. Rd4 Rf8 34. Rxd5 Qxf3 35. Qxg6+ Kh8 36.
Qh6+ Kg8 37. Rd2 Qg4+ 38. Kh2 Qxh4+ 39. Kg2 Qg4+ 40. Kh2 Qh4+ 41. Kg2 Qe4+ 42. Kh2 Qxe5+ 43. Kg1 Qe1+ 44. Kg2 Qe4+ 45. Kg1 Qg4+ 46. Kh2 Re8 47. Rd3 Qh4+ 48. Kg2 Qe4+ 49. Rf3 h4 50. Qg5+ Kh7 51. Qh5+ Kg7 52. Qg5+ Kh7 53. Qh5+ Kg7 54. Qg5+ Kh8 55.
Qh6+ Kg8 56. Qg5+ Kh7 57. Qh5+ 1/2-1/2

[Event "*** Titled Tuesday Blitz"]
[Site "Chess.com"]
[Date "2018.08.07"]
[Round "2"]
[White "Chakraborty-ARZ"]
[Black "PulpanJ"]
[Result "1-0"]
[WhiteElo "2435"]
[BlackElo "2519"]
[TimeControl "180+2"]
[EndTime "13:22:56 PDT"]
[Termination "Chakraborty-ARZ won by checkmate"]

1. d4 Nf6 2. Bf4 d5 3. e3 c5 4. c3 Nc6 5. Nd2 e6 6. Ngf3 cxd4 7. exd4 Nh5 8. Bg5 f6 9. Be3 Bd6 10. g3 g6 11. Bg2 Ng7 12. Nb3 Nf5 13. Bd2 O-O 14.
O-O Bd7 15. Re1 Qc7 16. Rc1 Rae8 17. a3 b5 18. Qe2 a6 19. Qd3 Na5 20. Nxa5 Qxa5 21.
Qb1 Qc7 22. Re2 Rf7 23. Rce1 Bf8 24. Bc1 Nd6 25. Nd2 f5 26. Nf3 Nc4 27. Qa2 Bd6 28. Bh6 f4 29. Ng5 Rf6 30. Bxd5 fxg3 31. hxg3 Bxg3 32. Ne4 Bh2+ 33. Kh1 Rf5 34. Bxc4 bxc4 35. Qb1 Bc6 36. f3 Rxf3 37. Rxh2 Qg3 38. Rg1 Qc7 39. Qe1 Rf5 40. Rg4 e5 41. d5 Bxd5 42. Kg1 Qb6+ 43. Qe3 Qc6 44. Rf2 Rxf2 45. Nxf2 Qe6 46. Bg5 h5 47.
Rg3 Rf8 48. Bh4 Qf5 49. Rg5 Qf7 50. Rxe5 Bb7 51. Re7 Qd5 52. Qg3 Kh8 53. Rc7 Re8 54. Re7 Rxe7 55. Bxe7 Kh7 56. Bf6 Qf7 57. Bd4 Bd5 58.
Qe5 Qd7 59. Qh8# 1-0

[Event "*** Titled Tuesday Blitz"]
[Site "Chess.com"]
[Date "2018.08.07"]
[Round "2"]
[White "ZoltanChef"]
[Black "Stormeman100100"]
[Result "0-1"]
[WhiteElo "2195"]
[BlackElo "2123"]
[TimeControl "180+2"]
[EndTime "13:23:11 PDT"]
[Termination "Stormeman100100 won by checkmate"]

1. d4 Nf6 2. c4 e6 3. Nc3 d5 4.
Nf3 Bb4 5. cxd5 exd5 6. Bf4 Ne4 7. Rc1 Nc6 8. a3 Bxc3+ 9. bxc3 Na5 10. e3 O-O 11. Bd3 Bf5 12. O-O c6 13. Ne5 Nd6 14. Rb1 Bxd3 15. Qxd3 Qe7 16. a4 Nac4 17. Nf3 b5 18.
Bxd6 Nxd6 19. Ne5 Qc7 20. Qc2 f6 21. Nd3 Nc4 22. Ra1 a5 23. Rfb1 Rfb8 24. h3 bxa4 25. Rxa4 Rxb1+ 26. Qxb1 Rb8 27. Qc2 Qb6 28. e4 dxe4 29.
Rxc4 Qb1+ 30. Qxb1 Rxb1+ 31. Kh2 exd3 32. d5 d2 33.
dxc6 d1=Q 34. c7 Qd6+ 35. g3 Rb8 36. Rc6 Qe5 37. Rc5 Qd6 38. Rc6 Qf8 39. cxb8=Q Qxb8 40. Ra6 Qb5 41. Ra8+ Kf7 42. c4 Qc5 43. Kg1 Qxc4 44. Rxa5 Qc1+ 45. Kh2 Qd2 46. Rf5 g6 47. Rf3 Qe2 48.
Kg2 Qe4 49. g4 h5 50. Kg3 h4+ 51. Kg2 g5 52. Kh2 Qxf3 53. Kg1 f5 54. gxf5 g4 55. hxg4 h3 56. Kf1 h2 57. g5 h1=Q# 0-1

[Event "*** Titled Tuesday Blitz"]
[Site "Chess.com"]
[Date "2018.08.07"]
[Round "2"]
[White "Korchmar_Vasiliy"]
[Black "ShimanovAlex"]
[Result "0-1"]
[WhiteElo "2613"]
[BlackElo "2771"]
[TimeControl "180+2"]
[EndTime "13:23:33 PDT"]
[Termination "ShimanovAlex won by resignation"]

1. d4 g6 2. e4 Bg7 3. Nc3 d6 4. f4 Nf6 5. Nf3 O-O 6. Bd3 Nc6 7. O-O Bg4 8. e5 dxe5 9. dxe5 Nd5 10. h3 Nxc3 11.
bxc3 Bf5 12. Qe2 Qd5 13. Be3 Rfd8 14. Bc4 Qa5 15. Ng5 Rf8 16. g4 Bc8 17. Qe1 h6 18.
Ne4 b6 19. Bb3 Bb7 20. Rd1 Rad8 21. Qf2 Nb8 22. Ng3 e6 23. Rxd8 Rxd8 24. f5 Qxe5 25. fxg6 fxg6 26. Bd4 Rxd4 27. cxd4 Qd6 28. c3 Kh7 29. Bc2 Nd7 30. Be4 Ba6 31. Re1 Nf6 32.
Bg2 Nd5 33. Ne4 Qd8 34. Bf1 Bb7 35. Bg2 Ba6 36. Qf7 Qh4 37. Qf2 Qe7 38. Bf1 Bb7 39.
Bg2 Ba6 40. Bf1 Bc8 41. Bg2 g5 42. Qc2 Kh8 43. Ng3 Nf4 44. Nf5 Qf6 45. Nxg7 Kxg7 46.
Qe4 Ba6 47. Qc6 Qf7 48. Bf1 Bxf1 49. Rxf1 Nxh3+ 50. Kg2 Nf4+ 51. Kh2 h5 52. Qe4 hxg4 53. Qe5+ Kg6 54. Qe4+ Qf5 55. Re1 Kf7 56. Qxf5+ exf5 57. Re5 Kf6 58. Re8 Ne6 59. Kg3 Ng7 60. Rc8 Nh5+ 61. Kf2 f4 62. Rxc7 g3+ 63. Kf3 Kf5 64. Rf7+ Nf6 65. d5 g4+ 66. Kg2 Ke5 67. d6 Ke6 68.
Rf8 Nh5 69. Rh8 f3+ 70. Kf1 Nf4 71. Rf8 g2+ 0-1

[Event "*** Titled Tuesday Blitz"]
[Site "Chess.com"]
[Date "2018.08.07"]
[Round "2"]
[White "wonderfultime"]
[Black "NikolaGry"]
[Result "1-0"]
[WhiteElo "2839"]
[BlackElo "2519"]
[TimeControl "180+2"]
[EndTime "13:23:54 PDT"]
[Termination "wonderfultime won by resignation"]

1. d4 d5 2. c4 Nc6 3. Nc3 dxc4 4. d5 Ne5 5. Bf4 Ng6 6. Bg3 e5 7. e4 a6 8. Bxc4 Bd6 9. Nf3 Nf6 10. O-O O-O 11. Rc1 Nh5 12. Re1 Nhf4 13. Nd2 h5 14. Bf1 h4 15. Bxf4 Nxf4 16. h3 Qg5 17. Kh1 b5 18.
Nf3 Qh5 19. Nh2 Qg6 20. Nf3 Qh5 21. Ng1 Qg6 22. Nge2 Nh5 23. Qd2 b4 24. Nd1 Qxe4 25.
Ng1 Qg6 26. Nf3 e4 27. Nxh4 Qf6 28. Rxe4 Bf4 29. Rxf4 Nxf4 30. Rc4 Qxh4 31. Rxf4 Qg5 32. Qxb4 Re8 33. Ne3 a5 34. Qd4 Bd7 35. Bd3 Rab8 36. Rf3 Rb4 37. Bc4 Qe5 38. Qxe5 Rxe5 39. b3 Be8 40.
Kg1 Kf8 41. Kf1 g6 42. Ke2 a4 43. Kd2 axb3 44. axb3 Rb8 45. Kc3 Kg7 46. Kd4 Re7 47. Rg3 Bd7 48. Kc5 Rb6 49. Nc2 Rf6 50. f3 c6 51. Nb4 cxd5 52. Nxd5 Rf5 53. Kd4 Re8 54. f4 Be6 55. Rg5 Rxg5 56. fxg5 Rd8 57. Ke5 Kf8 58. b4 Rb8 59. b5 Rb7 60. Kd6 Bxd5 61. Kxd5 Ke7 62. Kc6 Rd7 63. b6 Rd6+ 64. Kc5 Kd7 65.
Bxf7 Rc6+ 66. Kb5 Kd6 67. Bxg6 Rc5+ 68. Ka6 Rxg5 69. Be4 Re5 70. Bf3 Re3 71. Ka7 Ra3+ 72. Kb8 Re3 73. h4 Re8+ 74. Ka7 Re3 75. h5 Re6 76. b7 Re7 77. Ka8 1-0

[Event "*** Titled Tuesday Blitz"]
[Site "Chess.com"]
[Date "2018.08.07"]
[Round "2"]
[White "nonscitis"]
[Black "Marcan2b"]
[Result "1/2-1/2"]
[WhiteElo "2446"]
[BlackElo "2306"]
[TimeControl "180+2"]
[EndTime "13:23:54 PDT"]
[Termination "Game drawn - insufficient material"]

1. d4 Nf6 2. Nf3 b6 3. g3 Bb7 4. Bg2 e6 5. O-O Be7 6. b3 O-O 7. Bb2 d5 8. Nbd2 Nbd7 9. Re1 c5 10. c4 dxc4 11. Nxc4 cxd4 12. Qxd4 Nc5 13. Red1 Qxd4 14.
Nxd4 Bxg2 15. Kxg2 Rac8 16. Ne5 Nd5 17. Ndc6 Bf6 18. Nxa7 Ra8 19. Nb5 Ra5 20. Nd6 Rfa8 21. Nec4 Rxa2 22. Bxf6 gxf6 23. Rxa2 Rxa2 24. e4 Nb4 25.
Nxb6 Nbd3 26. Rf1 Nxb3 27. Nbc4 Nbc5 28. Kf3 Kf8 29. Ke3 Ke7 30. Nb7 Nxb7 31. Kxd3 Nc5+ 32. Kd4 Nb3+ 33. Kc3 Nc5 34. Kd4 Nb3+ 35. Ke3 Rc2 36. Kd3 Ra2 37. Kc3 Nc5 38. Nd2 Ra4 39. f3 Ra2 40. Rb1 Kf8 41. Rb5 Nd7 42. Rb7 Ne5 43. f4 Ng4 44. h3 Nf2 45. h4 Ng4 46. Nc4 Rg2 47. e5 Rxg3+ 48. Kd4 fxe5+ 49. fxe5 Nh6 50. Nd6 Rg4+ 51. Kc5 Rxh4 52. Rb8+ Kg7 53. Ne8+ Kg6 54. Nf6 Rh1 55. Rb2 Rc1+ 56. Kd6 Rd1+ 57. Ke7 Nf5+ 58. Ke8 Rg1 59. Nd7 h5 60. Nf8+ Kg7 61. Nd7 h4 62. Rh2 Rg3 63. Nf6 Kg6 64. Kd7 h3 65. Rh1 Kg5 66.
Ne4+ Kf4 67. Nxg3 Kxg3 68. Ke8 Nh6 69. Kf8 Kg2 70. Ra1 h2 71. Kg7 Ng4 72. Kxf7 Nxe5+ 73. Kxe6 h1=Q 74. Rxh1 Kxh1 1/2-1/2